 Dungeon Crawl Stone Soup version 0.29.1-12-g30fa7ad0bf (webtiles) character file.

Game seed: 6453986203877600503

13993 Sanktem7 the Fighter (level 11, -7/162 HPs)
             Began as a Minotaur Fighter on Dec 17, 2022.
             Was the Champion of Okawaru.
             Mangled by an Executioner (13 damage)
             ... on level 5 of the Abyss.
             The game lasted 00:31:50 (11590 turns).

Sanktem7 the Fighter (Minotaur Fighter)            Turns: 11590, Time: 00:31:50

Health: -7/162     AC: 25    Str: 30    XL:     11   Next: 82%
Magic:  0/11       EV:  2    Int:  5    God:    Okawaru [******]
Gold:   1085       SH:  0    Dex: 10    Spells: 10/10 levels left

rFire   + . .      SeeInvis +   K - +8 executioner's axe (vorpal) {axerare=g}
rCold   + + .      Faith    .   (shield currently unavailable)
rNeg    . . .      Spirit   +   (body armour currently unavailable)
rPois   +          Reflect  .   (helmet unavailable)
rElec   +          Harm     .   (cloak currently unavailable)
rCorr   +          Rampage  .   (gloves currently unavailable)
Will    .....      NoTele   +   (boots currently unavailable)
Stlth   +.........              y - amulet of the Present {Spirit Regen+ Str+5}
HPRegen 0.00/turn               w - ring of protection from cold
MPRegen 0.12/turn               C - ring of resist corrosion

@: tree-form, resistant, sick
A: stationary, stasis, torment immunity, boosted hp, (horns 3), (retaliatory
headbutt), (iridescent scales 1), see invisible, high MP 1
a: Renounce Religion, Heroism, Finesse, Duel


You were on level 5 of the Abyss.
You worshipped Okawaru.
Okawaru was exalted by your worship.
You were a tree.
You visited 2 branches of the dungeon, and saw 11 of its levels.
You visited the Abyss 1 time.

You collected 1343 gold pieces.
You spent 258 gold pieces at shops.


Innate Abilities, Weirdness & Mutations

You are a tree.
Your roots penetrate the ground, keeping you stationary.
You cannot be teleported.
You are immune to unholy pain and torment.
Your maximum health is greatly increased.
Your equipment is partially melded.
((You have a pair of large horns on your head.))
((You reflexively headbutt those who attack you in melee.))
((You are partially covered in iridescent scales. (AC +2)))
You have supernaturally acute eyesight. (SInv)
You have an increased reservoir of magic. (+10% MP)


   Skills:
 * Level 13.7 Fighting
 * Level 13.6 Axes
 + Level 7.6 Throwing
 + Level 10.1 Armour
 - Level 3.6 Shields


You had 10 spell levels left.
You didn't know any spells.
Your spell library contained the following spells:

 Spells                   Type           Power      Damage    Failure   Level
 Necrotise                Necr           0%         1d4       47%         1
 Vampiric Draining        Necr           0%         2d6       85%         3
 Agony                    Necr           0%         N/A       100%        5
 Conjure Ball Lightning   Conj/Air       0%         3x3d6     100%        6
 Orb of Destruction       Conj           0%         9d5       100%        7
 Discord                  Hex            0%         N/A       100%        8
 Disjunction              Tloc           0%         N/A       100%        8
 Summon Guardian Golem    Hex/Summ       Unusable   N/A       N/A         3
 Spellforged Servitor     Conj/Summ      Unusable   N/A       N/A         7

Inventory:

Hand Weapons
 a - a +1 war axe of protection {axe}
 g - a +3 flail of venom {mace}
   (You took it off Edmund on level 5 of the Dungeon)
 K - a +8 vorpal executioner's axe (weapon) {axerare=g}
   (Okawaru gifted it to you on level 1 of the Lair of Beasts)
Missiles
 e - 13 boomerangs (quivered) {throwing}
 f - 2 atropa-tipped darts {throwing}
 o - 3 boomerangs of dispersal {=f!fthrowing}
 B - 30 stones {throwing}
 I - 12 poisoned darts {throwing}
 L - 3 silver javelins {throwing}
Armour
 c - a +1 buckler
 q - a +2 cloak of fire resistance (melded)
   (You bought it in a shop on level 4 of the Dungeon)
 v - a +2 plate armour (melded)
   (You found it on level 1 of the Dungeon)
Jewellery
 w - a ring of protection from cold (left branch)
   (You found it on level 4 of the Dungeon)
 y - the amulet of the Present (around neck) {Spirit Regen+ Str+5}
   (You found it on level 5 of the Dungeon)

   [amulet of guardian spirit]

   It causes incoming damage to be divided between your reserves of health and
   magic.
   Str:       It affects your strength (+5).
   Regen:     It increases your rate of health regeneration.
 C - a ring of resist corrosion (right branch)
   (You found it on level 8 of the Dungeon)
 M - the ring of the Mage {Wiz Archmagi}
   (You found it on level 1 of the Lair of Beasts)

   [ring of wizardry]

   It improves your spell success rate.
   Archmagi:  It increases the power of your magical spells.
Wands
 k - a wand of flame (9)
   (You found it on level 5 of the Dungeon)
 n - a wand of digging (6)
   (You found it on level 6 of the Dungeon)
 F - a wand of polymorph (9)
   (You found it on level 8 of the Dungeon)
Scrolls
 p - 4 scrolls of vulnerability {!r!r}
 x - a scroll of brand weapon
 A - a scroll of blinking {unknown}
 E - 2 scrolls of magic mapping {!r}
Potions
 b - a potion of experience {unknown}
 d - 6 potions of might
 h - 5 potions of brilliance
 i - 2 potions of curing {@q1}
 l - 5 potions of attraction {!q}
 m - a potion of flight {unknown}
 r - a potion of haste {unknown}
 t - 2 potions of degeneration {!q@e2}
 u - a potion of cancellation {unknown}
 z - a potion of berserk rage {unknown}
 G - 2 potions of ambrosia {unknown}
 J - a potion of invisibility {unknown}

Dungeon Overview and Level Annotations

Branches:
Dungeon (10/15) Zot: 25700  Temple (0/1) D:5            Lair (1/5) D:10 Zot: 4917
    Orc (0/2) D:9

Altars:
Cheibriados
Dithmenos
Elyvilon
Fedhas
Kikubaaqudgha
Nemelex Xobeh
Okawaru
Qazlal
Ru
Uskayaw
Vehumet
Xom
Yredelemnul
The Shining One

Shops:
D:4 *   D:10 :

Annotations:
D:8 TheSexyCheese's ghost, novice HOFi

≈.....# ..#
#..#.##..##. ###....
.... . #
#.#.......... ...# #
.. #...##..##.
#..##.#.##...##..##.
# ...##..#X.......
#..#..#..1X...... #
.#..###♣##..##.
...#.......# ..#
##........... ... .
....#...... .. _#
..#......##. ##. . .
#.......# .. ..
...#...... ..
......... ..


You could see an Executioner (fast) and 2 large abominations.


Message History

You take 13 damage, and now have 66/108 hp.
You lost 1 mp, and now have 8/11 mp.
The Executioner hits you!!
* * * LOW HITPOINT WARNING * * *
The Executioner closely misses you.
The Executioner hits you but does no damage. x2
The Executioner hits you.
* * * LOW HITPOINT WARNING * * *
The Executioner hits you but does no damage. 😨 HP[-20] MP[-3]
You take 20 damage, and now have 46/108 hp.
You lost 3 mp, and now have 5/11 mp.
The Executioner hits you.
* * * LOW HITPOINT WARNING * * *
The Executioner hits you.
* * * LOW HITPOINT WARNING * * *
The Executioner hits you but does no damage.
The Executioner hits you.
* * * LOW HITPOINT WARNING * * *
The Executioner completely misses you.
The Executioner hits you but does no damage. 😨 HP[-6] MP[-2]
You take 6 damage, and now have 40/108 hp.
You lost 2 mp, and now have 3/11 mp.
You hit the Executioner. You headbutt the Executioner.
The Executioner hits you!
* * * LOW HITPOINT WARNING * * *
The Executioner hits you but does no damage. x4
The Executioner closely misses you. The Executioner hits you!
* * * LOW HITPOINT WARNING * * *
The Executioner hits you but does no damage. x2 😱 HP[-23] MP[-2]
You take 23 damage, and now have 17/108 hp.
MASSIVE DAMAGE!! (PAUSE)
You lost 2 mp, and now have 1/11 mp.
Really quaff the potion of lignification?
Okay, then.
Really quaff the potion of lignification?
You turn into a tree.
Your +2 cloak of fire resistance melds into your body.
Your +2 plate armour melds into your body.
You feel less resistant to fire.
Your roots penetrate the ground.
The Executioner hits you but does no damage.
The Executioner hits you!
* * * LOW HITPOINT WARNING * * *
The Executioner hits you.
* * * LOW HITPOINT WARNING * * *
The Executioner hits you!
* * * LOW HITPOINT WARNING * * *
The Executioner hits you but does no damage. x2
The Executioner hits you.
* * * LOW HITPOINT WARNING * * *
The Executioner hits you but does no damage. x2
The large abomination hits you but does no damage. 😱 HP[-12] MP[-1]
You now have 162 max hp (+54).
You lost 1 mp, and now have 0/11 mp.
You feel much better.
The Executioner hits you but does no damage.
The Executioner hits you.
* * * LOW HITPOINT WARNING * * *
The Executioner hits you.
* * * LOW HITPOINT WARNING * * *
The Executioner hits you.
* * * LOW HITPOINT WARNING * * *
The Executioner hits you but does no damage. x5
The large abomination hits you but does no damage. 😱 HP[+15]
You regained 15 hp, and now have 20/162 hp.
You feel much better. The Executioner hits you!
* * * LOW HITPOINT WARNING * * *
The Executioner hits you but does no damage. x2
The Executioner hits you.
* * * LOW HITPOINT WARNING * * *
The Executioner hits you but does no damage. x3
The Executioner hits you.
* * * LOW HITPOINT WARNING * * *
The Executioner hits you but does no damage. 😱 HP[+5]
You regained 5 hp, and now have 25/162 hp.
You feel much better. The Executioner hits you!
* * * LOW HITPOINT WARNING * * *
The Executioner hits you.
* * * LOW HITPOINT WARNING * * *
The Executioner hits you but does no damage. x6
The Executioner hits you.
* * * LOW HITPOINT WARNING * * *
The large abomination hits you but does no damage. 😱 HP[+7]
You regained 7 hp, and now have 32/162 hp.
You feel protected. The Executioner hits you!
* * * LOW HITPOINT WARNING * * *
The Executioner hits you.
* * * LOW HITPOINT WARNING * * *
The Executioner hits you but does no damage.
The Executioner hits you!
* * * LOW HITPOINT WARNING * * *
The Executioner barely misses you. The Executioner completely misses you.
The Executioner hits you!
You die...

Skill      XL: |  1  2  3  4  5  6  7  8  9 10 11 |
---------------+----------------------------------+-----
Fighting       | 4 5 7 9 10 12 13 | 13.7
Axes           | 3 4 5 6 7 9 10 12 13 | 13.6
Armour         | 4 5 7 9 10 | 10.1
Throwing       | 1 3 4 5 6 7 |  7.6
Shields        | |  3.6

Action                   |  1- 3 |  4- 6 |  7- 9 | 10-12 || total
-------------------------+-------+-------+-------+-------++-------
Melee: War axe           |    62 |    91 |   183 |   221 ||   557
       Headbutt          |     9 |    15 |    29 |    58 ||   111
       Executioner's axe |       |       |       |    40 ||    40
Throw: Boomerang         |    12 |     2 |     2 |    48 ||    64
  Use: Scroll            |     9 |     3 |     5 |     9 ||    26
       Potion            |       |     6 |       |     5 ||    11
Armor: Scale mail        |    17 |       |       |       ||    17
       Plate armour      |    12 |    54 |    98 |   237 ||   401
       Skin              |       |       |       |    27 ||    27
Dodge: Dodged            |    23 |    46 |    51 |   111 ||   231
Block: Buckler           |    21 |    21 |    51 |    47 ||   140

Levels and vault maps discovered:
D:1:      amcnicky_arrival_double_pillar, layout_loops_ring,
          shapermc_ecumenical_altar_pompeii, dk_noncrumbling_4
D:2:      layout_basic, minmay_goblin_kobold_house
D:3:      layout_loops_ring, tso_oasis_becter, uniq_robin
D:4:      layout_rooms, nicolae_overflows_in_rows, nicolae_shop_fire_sale
          [nicolae_sub_dead_trees], dreamdust_gnoll_farm
D:5:      layout_loops_ring, minmay_temple_entry_large_hall,
          roderic_roman_lattice, minmay_misc_feat_ornament, uniq_pikel,
          uniq_edmund, uniq_prince_ribbit1
D:6:      layout_basic, mainiacjoe_overflow_alcove_1, minmay_small_thing,
          uniq_maggie
D:7:      layout_loops_ring
D:8:      layout_basic, gammafunk_ghost_nasty_kobolds, grunt_decor_one_mirror
D:9:      layout_roguey, david_orc_2
D:10:     layout_grid_maze, grunt_qazlal_clouds, due_lair_maze_entry_diamond,
          ebering_ghost_rock_garden, serial_shops,
          nicolae_shop_advertising_works [nicolae_subvault_shop_adworks],
          kennysheep_generic_room_5
Lair:1:   layout_long_grid, ebering_ghost_disaster_area
Abyss:5:  base: D:2, minivault_28

Notes
Turn   | Place    | Note
-------+----------+-------------------------------------------
     0 | D:1      | Sanktem7 the Minotaur Fighter began the quest for the Orb.
     0 | D:1      | Reached XP level 1. HP: 19/19 MP: 0/0
     0 | D:1      | magus.rc [v1.9.6]
    73 | D:1      | Reached XP level 2. HP: 27/27 MP: 1/1
    87 | D:1      | Reached skill level 4 in Fighting
   324 | D:1      | Found a faded altar of an unknown god.
   679 | D:2      | Reached skill level 3 in Axes
   855 | D:2      | Reached skill level 4 in Armour
   855 | D:2      | Reached XP level 3. HP: 33/33 MP: 2/2
  1906 | D:3      | Noticed Robin
  1914 | D:3      | Killed Robin
  1915 | D:3      | Reached XP level 4. HP: 41/41 MP: 3/3
  1923 | D:3      | Found a glowing golden altar of the Shining One.
  1976 | D:3      | Reached skill level 4 in Axes
  2231 | D:3      | Reached skill level 1 in Throwing
  2234 | D:3      | Reached skill level 5 in Fighting
  2532 | D:3      | Gained mutation: You have supernaturally acute eyesight.
                  | (SInv) [potion of mutation]
  2532 | D:3      | Gained mutation: You have an increased reservoir of magic.
                  | (+10% MP) [potion of mutation]
  2532 | D:3      | Gained mutation: You have a pair of large horns on your
                  | head. [potion of mutation]
  2532 | D:3      | Gained mutation: You are partially covered in iridescent
                  | scales. (AC +2) [potion of mutation]
  2631 | D:4      | Reached XP level 5. HP: 38/48 MP: 4/4
  2893 | D:4      | HP: 10/48 [orc priest/divine providence (11)]
  2901 | D:4      | HP: 6/48 [kobold/stone (2)]
  3155 | D:4      | Reached skill level 5 in Axes
  3155 | D:4      | Reached XP level 6. HP: 26/56 MP: 5/5
  3346 | D:4      | Found Raxied's Fire Supplies.
  3459 | D:4      | Found a blossoming altar of Fedhas.
  3461 | D:4      | Found an iron altar of Okawaru.
  3461 | D:4      | Found a sacrificial altar of Ru.
  3461 | D:4      | Found a shimmering altar of Xom.
  3462 | D:4      | Found a snail-covered altar of Cheibriados.
  3462 | D:4      | Found a radiant altar of Vehumet.
  3462 | D:4      | Found an ancient bone altar of Kikubaaqudgha.
  3462 | D:4      | Found a sparkling altar of Nemelex Xobeh.
  3463 | D:4      | Found a hide-covered altar of Uskayaw.
  3466 | D:4      | Found a white marble altar of Elyvilon.
  3466 | D:4      | Found a shadowy altar of Dithmenos.
  3469 | D:4      | Became a worshipper of Warmaster Okawaru
  3651 | D:5      | Entered Level 5 of the Dungeon
  3651 | D:5      | Noticed Edmund
  3662 | D:5      | HP: 7/57 [Edmund/+3 flail of venom (8)]
  3666 | D:5      | Killed Edmund
  3667 | D:5      | Reached skill level 6 in Fighting
  3667 | D:5      | Reached skill level 2 in Throwing
  3667 | D:5      | HP: 9/57 [poisoned by Edmund]
  3672 | D:5      | HP: 7/85 [poisoned by Edmund]
  4101 | D:5      | Noticed Pikel
  4103 | D:5      | Reached skill level 5 in Armour
  4120 | D:5      | Killed Pikel
  4120 | D:5      | Reached * piety under Okawaru
  4120 | D:5      | Reached ** piety under Okawaru
  4121 | D:5      | Reached skill level 7 in Fighting
  4121 | D:5      | Reached skill level 6 in Axes
  4121 | D:5      | Reached skill level 3 in Throwing
  4121 | D:5      | Reached XP level 7. HP: 37/66 MP: 6/6
  4320 | D:5      | Identified the amulet of the Present {Spirit Regen+ Str+5}
  4339 | D:5      | Reached skill level 7 in Axes
  4342 | D:5      | Reached XP level 8. HP: 53/73 MP: 7/7
  4592 | D:5      | Found a staircase to the Ecumenical Temple.
  4691 | D:5      | Noticed Prince Ribbit
  4712 | D:5      | Killed Prince Ribbit
  4713 | D:5      | Reached skill level 8 in Fighting
  4713 | D:5      | Reached skill level 6 in Armour
  4846 | D:5      | Reached *** piety under Okawaru
  5206 | D:6      | Reached skill level 8 in Axes
  5243 | D:6      | You pick up a book of Dangerous Friends and begin
                  | reading...
  5259 | D:6      | Noticed a two-headed ogre
  5267 | D:6      | Reached skill level 4 in Throwing
  5269 | D:6      | HP: 15/75 [two-headed ogre/+0 giant spiked club (18)]
  5269 | D:6      | HP: 4/75 [two-headed ogre/+0 giant spiked club (11)]
  5270 | D:6      | Killed a two-headed ogre
  5271 | D:6      | Reached skill level 9 in Fighting
  5271 | D:6      | Reached skill level 9 in Axes
  5271 | D:6      | Reached skill level 7 in Armour
  5271 | D:6      | Reached XP level 9. HP: 6/83 MP: 1/8
  5424 | D:6      | Noticed Maggie
  5435 | D:6      | Killed Maggie
  5435 | D:6      | Reached **** piety under Okawaru
  5514 | D:6      | Received a gift from Okawaru
  5528 | D:6      | Found a basalt altar of Yredelemnul.
  5564 | D:6      | Reached skill level 5 in Throwing
  5611 | D:6      | Reached skill level 10 in Fighting
  6125 | D:7      | Reached skill level 10 in Axes
  6340 | D:7      | You pick up a book of Necromancy and begin reading...
  6340 | D:7      | You add the spells Necrotise, Vampiric Draining and Agony
                  | to your library.
  6980 | D:8      | Reached XP level 10. HP: 94/94 MP: 10/10
  7188 | D:8      | Reached skill level 8 in Armour
  7220 | D:8      | Found a runed translucent gate.
  7221 | D:8      | Found a runed translucent gate.
  7222 | D:8      | Found a runed translucent gate.
  7222 | D:8      | Noticed TheSexyCheese's ghost (novice HOFi)
  7890 | D:9      | Reached skill level 11 in Fighting
  8006 | D:9      | Found a staircase to the Orcish Mines.
  8156 | D:9      | Noticed a gargoyle
  8164 | D:9      | Reached ***** piety under Okawaru
  8165 | D:9      | Reached skill level 11 in Axes
  8168 | D:9      | HP: 15/95 [gargoyle/stone arrow (25)]
  8170 | D:9      | HP: 5/95 [orc priest/divine providence (12)]
  8279 | D:9      | Killed a gargoyle
  8280 | D:9      | Reached skill level 6 in Throwing
  8363 | D:9      | Received a gift from Okawaru
  8539 | D:9      | Received a gift from Okawaru
  8598 | D:9      | Identified a scroll of acquirement
  8598 | D:9      | Acquired 708 gold pieces
  8733 | D:4      | Bought a +2 cloak of fire resistance for 258 gold pieces
  8935 | D:10     | Entered Level 10 of the Dungeon
  9157 | D:10     | Reached skill level 12 in Fighting
  9163 | D:10     | Received a gift from Okawaru
  9164 | D:10     | Reached skill level 9 in Armour
  9171 | D:10     | Reached skill level 12 in Axes
  9185 | D:10     | Found a staircase to the Lair.
  9220 | D:10     | Found Timaux's Book Shoppe.
  9401 | D:10     | Found a runed translucent gate.
  9401 | D:10     | Found a runed translucent gate.
  9401 | D:10     | Found a runed translucent gate.
  9401 | D:10     | Noticed sigtrap's ghost (novice MiBe)
  9423 | D:10     | Reached XP level 11. HP: 104/104 MP: 11/11
  9512 | D:10     | Found a stormy altar of Qazlal.
  9999 | Lair:1   | Entered Level 1 of the Lair of Beasts
 10168 | Lair:1   | Found a large runed translucent door.
 10168 | Lair:1   | Found a large runed translucent door.
 10197 | Lair:1   | Noticed cheesebisquit's ghost (journeyman MiBe)
 10197 | Lair:1   | Found the ring of the Mage {Wiz Archmagi}
 10451 | Lair:1   | Received a gift from Okawaru
 10452 | Lair:1   | Reached skill level 7 in Throwing
 10452 | Lair:1   | K - a +8 vorpal executioner's axe {axerare=g}
 10503 | Lair:1   | K - a +8 vorpal executioner's axe (weapon) {axerare=g}
 10624 | Lair:1   | You pick up a book of Chaos and begin reading...
 10624 | Lair:1   | You add the spells Conjure Ball Lightning, Disjunction and
                  | Discord to your library.
 10994 | Lair:1   | Killed cheesebisquit's ghost
 10995 | Lair:1   | Reached skill level 13 in Fighting
 11140 | D:10     | Killed sigtrap's ghost
 11141 | D:10     | Reached skill level 13 in Axes
 11309 | D:8      | You are cast into the Abyss!
 11309 | Abyss:2  | Cast into level 2 of the Abyss (kobold brigand)
 11346 | Abyss:2  | Noticed a thrashing horror
 11346 | Abyss:2  | Noticed a thrashing horror
 11346 | Abyss:2  | Noticed a thrashing horror
 11367 | Abyss:2  | Killed a thrashing horror
 11368 | Abyss:2  | Killed a thrashing horror
 11369 | Abyss:2  | Reached skill level 10 in Armour
 11371 | Abyss:2  | Killed a thrashing horror
 11371 | Abyss:2  | Reached ****** piety under Okawaru
 11371 | Abyss:2  | Received a gift from Okawaru
 11395 | Abyss:3  | Noticed a starcursed mass
 11416 | Abyss:3  | Paralysed by accursed screaming for 1 turns
 11419 | Abyss:3  | Noticed a starcursed mass
 11453 | Abyss:3  | Noticed a bone dragon
 11474 | Abyss:3  | Noticed a large abomination
 11484 | Abyss:3  | Noticed a tentacled starspawn
 11505 | Abyss:3  | Found a corrupted altar of Lugonu.
 11540 | Abyss:4  | Noticed a tentacled starspawn
 11568 | Abyss:5  | Found a corrupted altar of Lugonu.
 11575 | Abyss:5  | Noticed an Executioner
 11580 | Abyss:5  | Noticed a large abomination
 11585 | Abyss:5  | HP: 17/108 [Executioner (13)]
 11586 | Abyss:5  | HP: 8/162 [Executioner (9)]
 11590 | Abyss:5  | Mangled by an Executioner

Vanquished Creatures
  The ghost of cheesebisquit the Blocker, a journeyman MiBe of Trog (Lair:1)
  A two-headed ogre (D:6)
  The ghost of sigtrap the Fighter, a novice MiBe of Trog (D:10)
  3 thrashing horrors (Abyss:2)
  Pikel (D:5)
  A gargoyle (D:9)
  3 cane toads (Lair:1)
  Maggie (D:6)
  A kobold demonologist (D:10)
  A rime drake (Lair:1)
  2 komodo dragons (Lair:1)
  Prince Ribbit (D:5)
  A hornet (D:10)
  A shadow (D:6)
  6 yaks
  2 wyverns
  A basilisk (Lair:1)
  2 steam dragons
  Edmund (D:5)
  4 orc warriors
  2 sky beasts (D:7)
  6 water moccasins
  3 black bears
  2 small abominations (Abyss:2)
  6 starcursed masses (Abyss:3)
  4 centaurs
  An ogre (D:7)
  A lemure (D:5)
  A phantom (D:7)
  A kobold brigand (D:9)
  5 bullfrogs
  4 scorpions
  6 wights (D:8)
  5 killer bees (D:10)
  5 howler monkeys
  5 hounds
  16 orc priests
  2 gnoll boudas
  A jelly (D:6)
  2 iguanas (D:5)
  12 orc wizards
  Robin (D:3)
  17 gnolls
  9 adders
  3 white imps
  3 worms
  A dart slug (D:1)
  37 orcs
  5 ball pythons
  An endoplasm (D:1)
  12 goblins
  11 hobgoblins
  6 jackals
  9 kobolds
  2 quokkas (D:5)
  3 bats
  2 rats
247 creatures vanquished.

Vanquished Creatures (others)
  22 fungi
  24 plants
  7 starspawn tentacles
53 creatures vanquished.

Grand Total: 300 creatures vanquished

Table legend:
 A = Non-vault XP
 B = Vault XP
 C = Vault XP percentage of total XP
 D = Non-vault monster count
 E = Vault monster count
 F = Vault count percentage of total count
                 A         B        C        D         E       F
            +---------+---------+-------+---------+---------+-------
      Total |   13347 |    6643 |  33.2 |     196 |      50 |  20.3
            +---------+---------+-------+---------+---------+-------
        D:1 |      18 |       0 |   0.0 |       9 |       0 |   0.0
        D:2 |      51 |       5 |   8.9 |      14 |       4 |  22.2
        D:3 |     108 |      38 |  26.0 |      13 |      13 |  50.0
        D:4 |     121 |      87 |  41.8 |       7 |       4 |  36.4
        D:5 |     533 |    1089 |  67.1 |      19 |       3 |  13.6
        D:6 |     841 |    1487 |  63.9 |      22 |       3 |  12.0
        D:7 |     660 |       0 |   0.0 |      10 |       0 |   0.0
        D:8 |    1319 |       0 |   0.0 |      30 |       0 |   0.0
        D:9 |    2078 |     157 |   7.0 |      24 |       8 |  25.0
       D:10 |    1277 |    2798 |  68.7 |      24 |      14 |  36.8
     Lair:1 |    3176 |     982 |  23.6 |      12 |       1 |   7.7
    Abyss:2 |    2747 |       0 |   0.0 |       6 |       0 |   0.0
    Abyss:3 |     418 |       0 |   0.0 |       6 |       0 |   0.0
            +---------+---------+-------+---------+---------+-------

Illustrated notes

Table legend:
 A = Kills in this place as a percentage of kills in entire the game.
 B = Kills by you in this place as a percentage of kills by you in the entire game.
 C = Kills by friends in this place as a percentage of kills by friends in the entire game.
 D = Other kills in this place as a percentage of other kills in the entire game.
 E = Experience gained in this place as a percentage of experience gained in the entire game.
 F = Experience gained in this place divided by the number of levels of this place that you have seen.
                   A       B       C       D       E      F
               +-------+-------+-------+-------+-------+----------------------
         Total | 100.0 | 100.0 |   N/A |   N/A | 100.0 | 1332.7
       Dungeon |  89.8 |  89.8 |   N/A |   N/A |  63.4 | 1266.7
          Lair |   5.3 |   5.3 |   N/A |   N/A |  20.8 | 4158.0
         Abyss |   4.9 |   4.9 |   N/A |   N/A |  15.8 | 791.2
               +-------+-------+-------+-------+-------+----------------------

Table legend: (Time is in decaauts)
 A = Elapsed time spent in this place.
 B = Non-inter-level travel time spent in this place.
 C = Inter-level travel time spent in this place.
 D = Time resting spent in this place.
 E = Time spent auto-exploring this place.
 F = Levels seen in this place.
 G = Mean time per level.
                   A        B        C        D        E       F      G
               +--------+--------+--------+--------+--------+-----+--------+
         Total |  11676 |  10605 |   1071 |    842 |   7943 |  15 |  778.4 |
       Dungeon |  10311 |   9277 |   1034 |    842 |   7011 |  10 | 1031.1 |
          Lair |   1082 |   1045 |     37 |      0 |    932 |   1 | 1082.0 |
         Abyss |    283 |    283 |      0 |      0 |      0 |   4 |   70.8 |
               +--------+--------+--------+--------+--------+-----+--------+

Top non-repeatable levels by time:
     D:5: 1541 daAuts
    D:10: 1237 daAuts
     D:8: 1198 daAuts
  Lair:1: 1082 daAuts
     D:3: 1074 daAuts
     D:2: 1035 daAuts
     D:6: 1016 daAuts
     D:4: 896 daAuts
     D:9: 856 daAuts
     D:1: 728 daAuts
     D:7: 724 daAuts
 Abyss:3: 149 daAuts
 Abyss:2: 72 daAuts
 Abyss:4: 37 daAuts
 Abyss:5: 23 daAuts
